AoeStats
← [NOE] Jupiter

Nomad

506123387Analyzed
2v2 RM · 20d ago on Sep 12, 2026· 34m 55s· 4 players
Game mode
Random Map
Map size
176×176
Population
200
Speed
Normal
Resources
Standard
Victory
Conquest
Starting age
Dark Age
Ending age
Imperial Age
RankedLock teamsTeams togetherTeam positionsShared explorationLock speedFull tech treeHidden civsTurbo modeCheats
Victory
Defeat
🇺🇸 Maya · United States
1493
+15
🇹🇼 Malians · Taiwan
1401
+18
🇫🇷 Sicilians · France
1476
-17
🇫🇷 Khitans · France
1436
-16
[NOE] Jupiter
5:08 Loom
13:59 Feudal Age
14:57 Double-Bit Axe
15:57 Forging
17:41 Town Watch
18:34 Wheelbarrow
18:04 Fishing Lines
19:52 Domestication
24:12 Castle Age
23:48 Fletching
[NOE] Lyrendir
4:59 Loom
13:33 Feudal Age
22:11 Double-Bit Axe
23:38 Wheelbarrow
25:51 Fletching
28:49 Castle Age
27:11 Scale Mail Armor
26:55 Horse Collar
30:03 Chain Mail Armor
34:16 Arson
WavyDavyBby
5:03 Loom
12:06 Feudal Age
21:56 Castle Age
22:20 Wheelbarrow
23:13 Crossbowman
24:52 Fletching
27:11 Bodkin Arrow
31:43 Town Watch
32:20 Hand Cart
No_English
4:42 Loom
14:36 Feudal Age
18:42 Castle Age
17:16 Double-Bit Axe
17:24 Gold Mining
17:25 Horse Collar
18:19 Scale Barding Armor
20:00 Wheelbarrow
19:56 Chain Barding Armor
20:55 Bow Saw
22:35 Forging
22:49 Town Watch
23:23 Fletching
26:37 Hand Cart
30:05 Bloodlines
31:15 Gold Shaft Mining
34:39 Imperial Age
32:15 Squires
33:15 Iron Casting
33:36 Husbandry
33:24 Arson
34:01 Stone Mining
Connection lost

Rejoining the realm…

Still unreachable

The connection could not be restored.

Session expired

The server has moved on; the page needs a fresh start.